[ AOE2 MATCH · #469943672 ]
Team RMBritons vs Goths
[ REPLAY ANALYSIS · EXTRACTED FROM THE RECORDED GAME ]
Feudal
15:15
Castle
19:12
Imperial
—
| APM avg | 27.7 |
| APM peak | 64 |
| eAPM avg | 13.2 |
| Villagers / military | 66 / 34 |
Focus
⚔️ 19.0% · 🌾 81.0%
Longbowman ×32 · Fishing Ship ×26 · Monk ×1 · Demolition Raft ×1
Feudal
13:38
Castle
22:31
Imperial
—
| APM avg | 25.6 |
| APM peak | 54 |
| eAPM avg | 13.2 |
| Villagers / military | 56 / 6 |
Focus
⚔️ 9.3% · 🌾 90.7%
Knight ×4 · Scout Cavalry ×2
Feudal
14:26
Castle
20:56
Imperial
—
| APM avg | 24.1 |
| APM peak | 84 |
| eAPM avg | 12.6 |
| Villagers / military | 76 / 30 |
Focus
⚔️ 12.7% · 🌾 87.3%
Knight ×16 · Fishing Ship ×15 · Huskarl ×13 · Monk ×1
Feudal
15:52
Castle
20:15
Imperial
—
| APM avg | 34.7 |
| APM peak | 61 |
| eAPM avg | 16.2 |
| Villagers / military | 63 / 24 |
Focus
⚔️ 24.7% · 🌾 75.3%
Fishing Ship ×13 · Spearman ×9 · Rattan Archer ×8 · Fire Lancer ×4 · Battering Ram ×3
Feudal
15:13
Castle
21:40
Imperial
—
| APM avg | 19.7 |
| APM peak | 51 |
| eAPM avg | 11.6 |
| Villagers / military | 71 / 16 |
Focus
⚔️ 11.8% · 🌾 88.2%
Cataphract ×16 · Fishing Ship ×10
Feudal
14:39
Castle
19:24
Imperial
—
| APM avg | 44.4 |
| APM peak | 79 |
| eAPM avg | 23.4 |
| Villagers / military | 125 / 23 |
Focus
⚔️ 18.4% · 🌾 81.6%
Fishing Ship ×18 · Scout Cavalry ×5 · Spearman ×4 · Battering Ram ×4 · Demolition Raft ×4 · Knight ×3
Feudal
16:47
Castle
26:55
Imperial
—
| APM avg | 27.7 |
| APM peak | 64 |
| eAPM avg | 13.7 |
| Villagers / military | 43 / 44 |
Focus
⚔️ 39.9% · 🌾 60.1%
Spearman ×43 · Fishing Ship ×12 · Militia ×1
Feudal
14:30
Castle
19:19
Imperial
—
| APM avg | 27.2 |
| APM peak | 74 |
| eAPM avg | 12.0 |
| Villagers / military | 53 / 29 |
Focus
⚔️ 16.3% · 🌾 83.7%
Knight ×27 · Fishing Ship ×12 · Monk ×2
Match map
Initial resources + every placement click. Lines = walls · curves = elevation contours. ◆ gold · ⬟ stone · ● berries · ✦ relic · ◌ wall gap
Your base· Open — 10t gap
matthewharland's base· Open — 11t gap
尼鐵's base· Open — unwalled flank
D Now=>C.I.A's base· Open — 6t gap
Teddy's base· ✓ Closed at 21:40 · 23t walls · 2 gate(s)
XD's base· Open — unwalled flank
Jhaluck's base· Open — 9t gap
mm巧克力's base· Open — 9t gap
Smoothed initial terrain · ◌ = detected wall gap · hover for details
Inputs per minute
— yougetcs - - matthewharland
Build order — yougetcs
First 150 of 199 actions detected
| 0:39 | Build | Town Center |
| 3:11 | Build | Dock |
| 3:20 | Create | Villager (Male) |
| 3:20 | Create | Villager (Male) |
| 3:21 | Create | Villager (Male) |
| 3:21 | Create | Villager (Male) |
| 3:21 | Create | Villager (Male) |
| 3:56 | Build | House |
| 4:12 | Create | Villager (Male) |
| 4:12 | Create | Villager (Male) |
| 5:06 | Create | Villager (Male) |
| 5:06 | Create | Villager (Male) |
| 5:09 | Build | House |
| 5:55 | Create | Villager (Male) |
| 5:56 | Create | Villager (Male) |
| 5:56 | Create | Villager (Male) |
| 6:02 | Create | Villager (Male) |
| 6:02 | Create | Villager (Male) |
| 6:40 | Create | Villager (Male) |
| 6:40 | Create | Villager (Male) |
| 6:41 | Create | Villager (Male) |
| 6:41 | Create | Villager (Male) |
| 7:05 | Create | Villager (Male) |
| 7:05 | Create | Villager (Male) |
| 7:15 | Build | House |
| 7:39 | Create | Villager (Male) |
| 7:39 | Create | Villager (Male) |
| 7:59 | Create | Villager (Male) |
| 7:59 | Create | Villager (Male) |
| 8:03 | Create | Fishing Ship |
| 8:03 | Create | Fishing Ship |
| 8:32 | Build | House |
| 8:50 | Create | Fishing Ship |
| 8:50 | Create | Fishing Ship |
| 9:07 | Create | Villager (Male) |
| 9:07 | Create | Villager (Male) |
| 9:08 | Create | Villager (Male) |
| 9:08 | Create | Villager (Male) |
| 9:27 | Create | Fishing Ship |
| 9:28 | Create | Fishing Ship |
| 9:51 | Create | Fishing Ship |
| 9:56 | Build | House |
| 10:02 | Create | Villager (Male) |
| 10:03 | Create | Villager (Male) |
| 10:03 | Create | Villager (Male) |
| 10:03 | Create | Villager (Male) |
| 10:22 | Create | Fishing Ship |
| 10:23 | Create | Fishing Ship |
| 10:49 | Build | Mill |
| 11:09 | Create | Fishing Ship |
| 11:09 | Create | Fishing Ship |
| 11:34 | Create | Fishing Ship |
| 11:35 | Create | Fishing Ship |
| 11:55 | Create | Villager (Male) |
| 11:57 | Create | Villager (Male) |
| 12:03 | Build | Dock |
| 12:09 | Build | House |
| 12:34 | Research | Feudal Age |
| 12:34 | Research | Feudal Age |
| 12:44 | Create | Fishing Ship |
| 12:44 | Create | Fishing Ship |
| 13:10 | Build | Lumber Camp |
| 13:15 | Create | Fishing Ship |
| 13:15 | Create | Fishing Ship |
| 13:20 | Create | Fishing Ship |
| 13:47 | Build | Mining Camp |
| 14:06 | Create | Fishing Ship |
| 14:08 | Create | Fishing Ship |
| 14:13 | Build | House |
| 14:14 | Build | House |
| 14:29 | Build | House |
| 14:30 | Build | House |
| 14:42 | Research | Loom |
| 14:42 | Research | Loom |
| 15:15 | Age | Feudal Age |
| 15:24 | Build | Market |
| 15:36 | Build | Blacksmith |
| 15:37 | Build | House |
| 15:46 | Build | Mining Camp |
| 16:32 | Research | Castle Age |
| 16:33 | Research | Castle Age |
| 16:44 | Research | Double-Bit Axe |
| 16:44 | Research | Double-Bit Axe |
| 17:21 | Research | Horse Collar |
| 18:12 | Build | Outpost |
| 18:57 | Build | Outpost |
| 19:12 | Age | Castle Age |
| 19:16 | Build | Town Center |
| 19:17 | Create | Villager (Male) |
| 19:18 | Create | Villager (Male) |
| 19:22 | Create | Villager (Male) |
| 19:25 | Build | House |
| 20:17 | Build | Outpost |
| 20:22 | Create | Villager (Male) |
| 20:27 | Research | Bow Saw |
| 20:27 | Research | Bow Saw |
| 20:37 | Build | Castle |
| 20:45 | Create | Villager (Male) |
| 20:45 | Create | Villager (Male) |
| 20:59 | Build | Outpost |
| 21:07 | Create | Villager (Male) |
| 21:09 | Create | Villager (Male) |
| 21:09 | Create | Villager (Male) |
| 21:12 | Create | Villager (Male) |
| 21:12 | Create | Villager (Male) |
| 21:36 | Research | Tech 906 |
| 21:36 | Research | Tech 906 |
| 21:52 | Create | Villager (Male) |
| 21:52 | Create | Villager (Male) |
| 22:10 | Build | Fish Trap |
| 22:12 | Build | Fish Trap |
| 22:13 | Build | Fish Trap |
| 22:16 | Build | Fish Trap |
| 22:18 | Build | Fish Trap |
| 22:28 | Build | Stone Wall |
| 22:44 | Build | House |
| 22:44 | Build | House |
| 23:11 | Create | Longbowman |
| 23:12 | Create | Longbowman |
| 23:12 | Create | Longbowman |
| 23:12 | Create | Longbowman |
| 23:12 | Create | Longbowman |
| 23:12 | Create | Longbowman |
| 23:13 | Create | Longbowman |
| 23:13 | Create | Longbowman |
| 23:26 | Create | Villager (Male) |
| 23:31 | Research | Gold Mining |
| 23:31 | Research | Gold Mining |
| 23:35 | Build | Fish Trap |
| 23:40 | Build | Fish Trap |
| 23:44 | Build | Fish Trap |
| 23:48 | Create | Villager (Male) |
| 23:49 | Create | Villager (Male) |
| 23:49 | Create | Villager (Male) |
| 23:49 | Create | Villager (Male) |
| 23:55 | Create | Longbowman |
| 23:55 | Create | Longbowman |
| 23:55 | Create | Longbowman |
| 24:18 | Create | Villager (Male) |
| 24:18 | Create | Villager (Male) |
| 24:19 | Create | Villager (Male) |
| 24:19 | Create | Villager (Male) |
| 24:21 | Create | Villager (Male) |
| 24:21 | Create | Villager (Male) |
| 24:31 | Build | Town Center |
| 24:57 | Create | Villager (Male) |
| 24:57 | Create | Villager (Male) |
| 24:58 | Create | Villager (Male) |
| 25:03 | Build | Stone Wall |
| 25:16 | Create | Longbowman |
Build order — matthewharland
104 actions detected in the replay
| 0:48 | Build | Town Center |
| 3:43 | Create | Villager (Male) |
| 3:43 | Create | Villager (Male) |
| 3:43 | Create | Villager (Male) |
| 3:43 | Create | Villager (Male) |
| 3:44 | Create | Villager (Male) |
| 3:49 | Build | House |
| 4:55 | Create | Villager (Male) |
| 4:55 | Create | Villager (Male) |
| 5:20 | Create | Villager (Male) |
| 5:20 | Create | Villager (Male) |
| 5:57 | Build | House |
| 6:16 | Create | Villager (Male) |
| 6:16 | Create | Villager (Male) |
| 6:24 | Create | Villager (Male) |
| 6:25 | Create | Villager (Male) |
| 6:43 | Build | House |
| 6:59 | Create | Villager (Male) |
| 7:13 | Create | Villager (Male) |
| 7:13 | Create | Villager (Male) |
| 7:21 | Research | Loom |
| 8:09 | Create | Villager (Male) |
| 8:09 | Create | Villager (Male) |
| 8:23 | Build | Lumber Camp |
| 8:36 | Create | Villager (Male) |
| 8:36 | Create | Villager (Male) |
| 9:25 | Create | Villager (Male) |
| 9:55 | Build | House |
| 10:13 | Create | Villager (Male) |
| 10:13 | Create | Villager (Male) |
| 10:32 | Build | Mill |
| 10:44 | Create | Villager (Male) |
| 11:24 | Research | Feudal Age |
| 11:40 | Build | Palisade Wall |
| 11:42 | Build | Palisade Wall |
| 12:10 | Build | Mining Camp |
| 12:19 | Build | Farm |
| 12:20 | Build | Farm |
| 12:35 | Create | Villager (Male) |
| 12:35 | Create | Villager (Male) |
| 12:35 | Create | Villager (Male) |
| 12:42 | Build | Farm |
| 13:13 | Build | Farm |
| 13:27 | Create | Villager (Male) |
| 13:28 | Create | Villager (Male) |
| 13:38 | Age | Feudal Age |
| 13:43 | Research | Double-Bit Axe |
| 13:54 | Create | Villager (Male) |
| 14:11 | Build | Farm |
| 14:57 | Build | Mill |
| 15:10 | Create | Villager (Male) |
| 15:10 | Create | Villager (Male) |
| 15:27 | Build | Farm |
| 15:32 | Create | Villager (Male) |
| 15:55 | Build | Farm |
| 16:00 | Build | Farm |
| 16:04 | Build | Farm |
| 16:12 | Create | Villager (Male) |
| 16:19 | Build | House |
| 16:39 | Research | Horse Collar |
| 17:02 | Build | Blacksmith |
| 17:14 | Create | Villager (Male) |
| 17:27 | Build | Barracks |
| 17:43 | Create | Villager (Male) |
| 18:19 | Build | Stable |
| 18:30 | Build | Mill |
| 18:34 | Create | Villager (Male) |
| 19:01 | Build | Farm |
| 19:05 | Build | Farm |
| 19:06 | Build | Farm |
| 19:06 | Build | Farm |
| 19:23 | Create | Scout Cavalry |
| 19:51 | Research | Castle Age |
| 20:15 | Build | House |
| 20:25 | Build | Mining Camp |
| 20:48 | Research | Stone Mining |
| 21:30 | Build | Watch Tower |
| 21:43 | Research | Fletching |
| 21:45 | Create | Scout Cavalry |
| 22:31 | Age | Castle Age |
| 22:44 | Build | Mining Camp |
| 22:59 | Create | Villager (Male) ×5 |
| 22:59 | Create | Villager (Male) ×5 |
| 23:32 | Create | Knight |
| 23:32 | Create | Knight |
| 23:51 | Research | Stone Shaft Mining |
| 24:03 | Create | Villager (Male) |
| 24:30 | Create | Villager (Male) |
| 24:46 | Build | House |
| 25:36 | Create | Villager (Male) |
| 25:36 | Create | Villager (Male) |
| 26:01 | Build | Stable |
| 26:13 | Build | Farm |
| 26:55 | Create | Knight |
| 26:55 | Create | Knight |
| 27:25 | Build | Castle |
| 27:54 | Create | Villager (Male) |
| 27:54 | Create | Villager (Male) |
| 28:59 | Research | Bow Saw |
| 29:08 | Build | Town Center |
| 29:13 | Create | Villager (Male) |
| 29:33 | Create | Villager (Male) |
| 29:33 | Create | Villager (Male) |
| 29:33 | Research | Wheelbarrow |
Build order — 尼鐵
First 150 of 189 actions detected
| 0:18 | Build | Town Center |
| 2:56 | Create | Villager (Male) |
| 2:57 | Create | Villager (Male) |
| 2:57 | Create | Villager (Male) |
| 2:57 | Create | Villager (Male) |
| 2:57 | Create | Villager (Male) |
| 3:50 | Build | House |
| 4:08 | Build | House |
| 4:09 | Build | House |
| 4:31 | Research | Loom |
| 5:30 | Build | Dock |
| 5:48 | Create | Villager (Male) |
| 5:48 | Create | Villager (Male) |
| 5:48 | Create | Villager (Male) |
| 6:52 | Build | Mill |
| 6:53 | Create | Villager (Male) |
| 6:54 | Create | Villager (Male) |
| 6:56 | Create | Fishing Ship |
| 7:18 | Create | Villager (Male) |
| 7:19 | Create | Villager (Male) |
| 7:45 | Create | Villager (Male) |
| 8:12 | Create | Fishing Ship |
| 8:12 | Create | Fishing Ship |
| 8:24 | Create | Villager (Male) |
| 8:48 | Create | Villager (Male) |
| 8:49 | Create | Villager (Male) |
| 9:22 | Create | Villager (Male) |
| 9:22 | Create | Villager (Male) |
| 9:23 | Create | Villager (Male) |
| 9:35 | Create | Fishing Ship |
| 9:35 | Create | Fishing Ship |
| 9:37 | Create | Fishing Ship |
| 9:37 | Create | Fishing Ship |
| 9:55 | Create | Villager (Male) |
| 9:55 | Create | Villager (Male) |
| 10:12 | Build | House |
| 10:16 | Create | Villager (Male) |
| 10:16 | Create | Villager (Male) |
| 10:17 | Create | Villager (Male) |
| 10:48 | Create | Villager (Male) |
| 10:49 | Create | Villager (Male) |
| 11:02 | Create | Fishing Ship |
| 11:22 | Create | Villager (Male) |
| 11:22 | Create | Villager (Male) |
| 11:22 | Create | Villager (Male) |
| 11:22 | Create | Villager (Male) |
| 11:23 | Create | Villager (Male) |
| 11:41 | Create | Fishing Ship |
| 12:03 | Build | House |
| 12:16 | Research | Feudal Age |
| 12:16 | Research | Feudal Age |
| 12:33 | Build | Mining Camp |
| 12:56 | Build | House |
| 12:56 | Build | House |
| 13:36 | Build | Lumber Camp |
| 13:54 | Build | House |
| 14:04 | Create | Villager (Male) |
| 14:04 | Create | Villager (Male) |
| 14:05 | Create | Villager (Male) |
| 14:26 | Age | Feudal Age |
| 14:26 | Research | Double-Bit Axe |
| 14:27 | Research | Double-Bit Axe |
| 14:56 | Build | Farm |
| 15:09 | Build | Dock |
| 15:15 | Create | Villager (Male) |
| 15:21 | Build | Farm |
| 15:29 | Create | Villager (Male) |
| 15:29 | Create | Villager (Male) |
| 15:55 | Create | Villager (Male) |
| 16:16 | Build | Blacksmith |
| 16:28 | Create | Villager (Male) |
| 16:43 | Build | Market |
| 17:01 | Build | House |
| 17:04 | Build | House |
| 17:23 | Create | Fishing Ship |
| 17:23 | Create | Fishing Ship |
| 17:33 | Build | Farm |
| 17:51 | Create | Villager (Male) |
| 17:53 | Create | Villager (Male) |
| 17:56 | Build | Barracks |
| 18:06 | Research | Castle Age |
| 18:15 | Create | Fishing Ship |
| 18:18 | Create | Fishing Ship |
| 20:01 | Build | Stable |
| 20:18 | Create | Villager (Male) |
| 20:18 | Create | Villager (Male) |
| 20:43 | Research | Forging |
| 20:45 | Research | Scale Barding Armor |
| 20:50 | Create | Fishing Ship |
| 20:53 | Create | Fishing Ship |
| 20:56 | Age | Castle Age |
| 21:03 | Build | Stable |
| 21:11 | Create | Villager (Male) |
| 21:11 | Create | Villager (Male) |
| 21:13 | Create | Villager (Male) |
| 21:13 | Create | Villager (Male) |
| 21:24 | Create | Knight |
| 21:24 | Create | Knight |
| 21:24 | Create | Knight |
| 21:25 | Create | Knight |
| 21:55 | Build | Town Center |
| 22:03 | Build | House |
| 22:03 | Build | House |
| 22:04 | Build | House |
| 22:04 | Build | House |
| 22:10 | Research | Bloodlines |
| 22:44 | Create | Knight |
| 22:44 | Create | Knight |
| 23:12 | Build | House |
| 23:36 | Create | Villager (Male) |
| 23:36 | Create | Villager (Male) |
| 23:36 | Create | Villager (Male) |
| 23:46 | Build | Castle |
| 23:54 | Create | Knight |
| 23:55 | Create | Knight |
| 24:02 | Build | Town Center |
| 24:24 | Create | Villager (Male) |
| 24:24 | Create | Villager (Male) |
| 24:25 | Create | Villager (Male) |
| 24:42 | Create | Knight |
| 25:06 | Create | Villager (Male) |
| 25:06 | Create | Villager (Male) |
| 25:11 | Create | Villager (Male) |
| 25:11 | Create | Villager (Male) |
| 25:16 | Create | Villager (Male) |
| 25:16 | Create | Villager (Male) |
| 25:16 | Create | Villager (Male) |
| 25:44 | Build | Farm |
| 25:46 | Build | Farm |
| 25:49 | Research | Wheelbarrow |
| 26:05 | Research | Husbandry |
| 26:05 | Create | Knight |
| 26:06 | Create | Knight |
| 26:28 | Build | Farm |
| 26:29 | Build | Farm |
| 26:30 | Build | Farm |
| 26:37 | Build | Farm |
| 26:40 | Build | Farm |
| 26:41 | Build | Farm |
| 26:56 | Create | Knight |
| 26:56 | Create | Knight |
| 27:03 | Build | Monastery |
| 27:08 | Create | Villager (Male) |
| 27:08 | Create | Villager (Male) |
| 27:09 | Create | Villager (Male) |
| 27:39 | Research | Iron Casting |
| 28:21 | Create | Villager (Male) |
| 28:21 | Create | Villager (Male) |
| 28:21 | Create | Villager (Male) |
| 28:25 | Build | Farm |
Build order — D Now=>C.I.A
First 150 of 154 actions detected
| 0:39 | Build | Town Center |
| 2:11 | Build | House |
| 2:38 | Build | House |
| 3:00 | Create | Villager (Male) |
| 3:00 | Create | Villager (Male) |
| 3:00 | Create | Villager (Male) |
| 3:01 | Create | Villager (Male) |
| 3:01 | Create | Villager (Male) |
| 4:07 | Create | Villager (Male) |
| 4:08 | Create | Villager (Male) |
| 4:47 | Create | Villager (Male) |
| 4:47 | Create | Villager (Male) |
| 5:11 | Create | Villager (Male) |
| 5:12 | Create | Villager (Male) |
| 5:32 | Create | Villager (Male) |
| 5:32 | Create | Villager (Male) |
| 6:04 | Create | Villager (Male) |
| 6:04 | Create | Villager (Male) |
| 6:41 | Create | Villager (Male) |
| 6:48 | Build | House |
| 6:53 | Build | House |
| 6:55 | Create | Villager (Male) |
| 6:55 | Create | Villager (Male) |
| 7:35 | Create | Villager (Male) |
| 7:36 | Create | Villager (Male) |
| 7:44 | Build | Dock |
| 7:57 | Build | Mill |
| 8:00 | Create | Villager (Male) |
| 8:00 | Create | Villager (Male) |
| 8:22 | Create | Fishing Ship |
| 8:22 | Create | Fishing Ship |
| 8:41 | Create | Villager (Male) |
| 8:41 | Create | Villager (Male) |
| 8:44 | Create | Villager (Male) |
| 8:45 | Create | Villager (Male) |
| 8:48 | Create | Fishing Ship |
| 8:48 | Create | Fishing Ship |
| 9:05 | Build | House |
| 9:21 | Create | Villager (Male) |
| 9:21 | Create | Villager (Male) |
| 9:28 | Create | Fishing Ship |
| 9:40 | Create | Villager (Male) |
| 9:41 | Create | Villager (Male) |
| 9:51 | Create | Fishing Ship |
| 9:53 | Create | Villager (Male) |
| 9:53 | Create | Villager (Male) |
| 10:43 | Create | Villager (Male) |
| 10:43 | Create | Villager (Male) |
| 11:01 | Create | Fishing Ship |
| 11:01 | Create | Fishing Ship |
| 11:06 | Build | House |
| 11:08 | Build | House |
| 11:11 | Build | House |
| 11:16 | Create | Villager (Male) |
| 11:17 | Create | Fishing Ship |
| 11:34 | Build | Mining Camp |
| 11:43 | Create | Villager (Male) |
| 11:43 | Create | Villager (Male) |
| 11:43 | Create | Villager (Male) |
| 11:43 | Create | Villager (Male) |
| 12:01 | Create | Villager (Male) |
| 12:01 | Create | Villager (Male) |
| 12:10 | Create | Fishing Ship |
| 12:25 | Build | Lumber Camp |
| 12:29 | Create | Villager (Male) |
| 12:29 | Create | Villager (Male) |
| 13:42 | Research | Feudal Age |
| 13:57 | Create | Fishing Ship |
| 14:23 | Build | Mining Camp |
| 14:46 | Build | Barracks |
| 14:52 | Create | Villager (Male) |
| 14:53 | Create | Villager (Male) |
| 15:17 | Build | House |
| 15:23 | Build | House |
| 15:26 | Build | House |
| 15:31 | Create | Villager (Male) |
| 15:52 | Age | Feudal Age |
| 15:56 | Build | Blacksmith |
| 16:04 | Create | Fishing Ship |
| 16:06 | Create | Fishing Ship |
| 16:20 | Create | Villager (Male) |
| 16:53 | Build | Market |
| 17:35 | Research | Castle Age |
| 17:35 | Research | Castle Age |
| 17:48 | Build | Lumber Camp |
| 18:03 | Research | Double-Bit Axe |
| 18:10 | Research | Tech 906 |
| 18:39 | Build | Dock |
| 18:51 | Research | Gold Mining |
| 20:15 | Age | Castle Age |
| 20:21 | Research | Loom |
| 20:58 | Build | Castle |
| 21:28 | Create | Villager (Male) |
| 21:29 | Create | Villager (Male) |
| 21:29 | Create | Villager (Male) |
| 21:36 | Research | Gillnets |
| 21:44 | Build | Fish Trap |
| 21:45 | Build | Fish Trap |
| 22:43 | Create | Spearman |
| 22:49 | Create | Villager (Male) |
| 22:49 | Create | Villager (Male) |
| 22:50 | Create | Villager (Male) |
| 23:00 | Build | Fish Trap |
| 23:01 | Build | Fish Trap |
| 23:02 | Build | Fish Trap |
| 23:06 | Create | Villager (Male) |
| 23:06 | Create | Villager (Male) |
| 23:08 | Research | Stone Mining |
| 23:30 | Build | Siege Workshop |
| 23:54 | Build | Barracks |
| 23:56 | Create | Battering Ram |
| 24:03 | Research | Pikeman (upgrade) |
| 24:04 | Research | Squires |
| 24:22 | Create | Spearman |
| 24:34 | Research | Bow Saw |
| 24:39 | Create | Fire Lancer |
| 24:39 | Create | Fire Lancer |
| 24:40 | Create | Fire Lancer |
| 24:43 | Create | Rattan Archer |
| 24:43 | Create | Rattan Archer |
| 24:46 | Create | Battering Ram |
| 25:04 | Build | Mining Camp |
| 25:21 | Create | Fire Lancer |
| 25:26 | Research | Scale Mail Armor |
| 25:27 | Research | Forging |
| 25:30 | Create | Villager (Male) |
| 25:30 | Create | Villager (Male) |
| 25:30 | Create | Villager (Male) |
| 25:31 | Create | Villager (Male) |
| 25:40 | Build | Fish Trap |
| 25:41 | Build | Fish Trap |
| 25:41 | Build | Fish Trap |
| 25:42 | Build | Fish Trap |
| 25:43 | Build | Fish Trap |
| 25:55 | Create | Battering Ram |
| 26:11 | Create | Rattan Archer |
| 26:11 | Create | Rattan Archer |
| 26:12 | Create | Rattan Archer |
| 26:12 | Create | Rattan Archer |
| 26:24 | Create | Spearman |
| 26:24 | Create | Spearman |
| 26:25 | Create | Spearman |
| 27:16 | Create | Spearman |
| 27:17 | Create | Spearman |
| 28:32 | Create | Rattan Archer |
| 28:33 | Create | Rattan Archer |
| 28:40 | Create | Spearman |
| 28:40 | Create | Spearman |
| 31:00 | Build | Lumber Camp |
| 31:06 | Create | Villager (Male) |
Build order — Teddy
First 150 of 178 actions detected
| 0:26 | Build | Town Center |
| 2:04 | Build | House |
| 2:07 | Build | House |
| 2:09 | Build | House |
| 2:44 | Create | Villager (Male) |
| 2:44 | Create | Villager (Male) |
| 2:45 | Create | Villager (Male) |
| 2:45 | Create | Villager (Male) |
| 2:45 | Create | Villager (Male) |
| 2:46 | Research | Loom |
| 4:26 | Create | Villager (Male) |
| 4:26 | Create | Villager (Male) |
| 4:27 | Create | Villager (Male) |
| 4:27 | Create | Villager (Male) |
| 5:12 | Create | Villager (Male) |
| 5:12 | Create | Villager (Male) |
| 5:49 | Build | House |
| 5:51 | Build | House |
| 5:55 | Build | House |
| 6:02 | Create | Villager (Male) |
| 6:02 | Create | Villager (Male) |
| 6:03 | Create | Villager (Male) |
| 6:03 | Create | Villager (Male) |
| 6:24 | Create | Villager (Male) |
| 6:25 | Create | Villager (Male) |
| 6:59 | Create | Villager (Male) |
| 7:07 | Build | House |
| 8:23 | Create | Villager (Male) |
| 8:23 | Create | Villager (Male) |
| 9:08 | Build | Dock |
| 9:18 | Create | Villager (Male) |
| 9:18 | Create | Villager (Male) |
| 9:21 | Create | Villager (Male) |
| 9:41 | Create | Villager (Male) |
| 9:42 | Create | Villager (Male) |
| 9:42 | Create | Villager (Male) |
| 9:48 | Create | Fishing Ship |
| 9:48 | Create | Fishing Ship |
| 10:01 | Create | Villager (Male) |
| 10:19 | Create | Villager (Male) |
| 10:46 | Create | Villager (Male) |
| 10:47 | Create | Fishing Ship |
| 10:48 | Create | Fishing Ship |
| 10:55 | Create | Fishing Ship |
| 11:39 | Create | Villager (Male) |
| 11:40 | Create | Fishing Ship |
| 11:40 | Create | Fishing Ship |
| 12:23 | Build | Mining Camp |
| 12:35 | Create | Fishing Ship |
| 12:35 | Create | Fishing Ship |
| 12:55 | Build | Mining Camp |
| 13:00 | Research | Feudal Age |
| 13:29 | Build | Mill |
| 13:56 | Build | Lumber Camp |
| 14:19 | Create | Villager (Male) |
| 14:19 | Create | Villager (Male) |
| 14:20 | Create | Villager (Male) |
| 14:56 | Create | Fishing Ship |
| 15:13 | Age | Feudal Age |
| 15:18 | Create | Villager (Male) |
| 15:25 | Build | Stone Wall |
| 15:33 | Build | Stone Wall |
| 15:37 | Build | Gate |
| 15:42 | Build | Barracks |
| 15:46 | Build | Stone Wall |
| 15:51 | Build | Gate |
| 15:57 | Create | Villager (Male) |
| 15:57 | Create | Villager (Male) |
| 16:05 | Build | Blacksmith |
| 16:27 | Research | Double-Bit Axe |
| 17:10 | Build | House |
| 17:16 | Build | House |
| 17:28 | Research | Wheelbarrow |
| 17:31 | Research | Stone Mining |
| 18:06 | Build | Market |
| 19:00 | Research | Castle Age |
| 19:05 | Research | Scale Barding Armor |
| 19:25 | Build | Lumber Camp |
| 19:30 | Research | Tech 906 |
| 19:57 | Build | Farm |
| 19:57 | Build | Farm |
| 19:58 | Build | Farm |
| 19:58 | Build | Farm |
| 19:59 | Build | Farm |
| 20:01 | Build | Farm |
| 20:01 | Build | Farm |
| 20:14 | Build | Farm |
| 20:27 | Build | Lumber Camp |
| 20:40 | Build | Stone Wall |
| 21:14 | Create | Villager (Male) |
| 21:14 | Create | Villager (Male) |
| 21:15 | Create | Villager (Male) |
| 21:15 | Create | Villager (Male) |
| 21:26 | Research | Forging |
| 21:30 | Research | Gold Mining |
| 21:40 | Age | Castle Age |
| 21:43 | Build | Mill |
| 21:46 | Create | Villager (Male) |
| 22:04 | Build | Castle |
| 22:14 | Create | Villager (Male) |
| 22:21 | Build | Town Center |
| 22:25 | Create | Villager (Male) |
| 22:50 | Research | Bow Saw |
| 23:25 | Research | Horse Collar |
| 23:34 | Build | Mill |
| 23:41 | Create | Villager (Male) |
| 23:42 | Create | Villager (Male) |
| 24:11 | Create | Villager (Male) |
| 24:11 | Create | Villager (Male) |
| 24:12 | Create | Villager (Male) |
| 24:31 | Build | Farm |
| 24:37 | Build | Town Center |
| 24:41 | Create | Villager (Male) |
| 24:41 | Create | Villager (Male) |
| 24:46 | Build | Farm |
| 24:46 | Build | Farm |
| 24:46 | Build | Farm |
| 25:00 | Create | Cataphract |
| 25:21 | Build | Farm |
| 25:22 | Build | Farm |
| 25:22 | Build | Farm |
| 25:22 | Build | Farm |
| 25:22 | Build | Farm |
| 25:25 | Create | Villager (Male) |
| 25:25 | Create | Villager (Male) |
| 25:26 | Create | Villager (Male) |
| 25:39 | Create | Cataphract |
| 25:39 | Create | Cataphract |
| 26:00 | Create | Villager (Male) |
| 26:04 | Build | Farm |
| 26:04 | Build | Farm |
| 26:04 | Build | Farm |
| 26:05 | Build | Farm |
| 26:05 | Build | Farm |
| 26:05 | Build | Farm |
| 26:06 | Build | Farm |
| 26:06 | Build | Farm |
| 26:13 | Create | Cataphract |
| 26:14 | Create | Cataphract |
| 26:14 | Create | Cataphract |
| 26:40 | Create | Cataphract |
| 26:40 | Create | Cataphract |
| 26:54 | Build | Stable |
| 26:59 | Build | Farm |
| 27:30 | Create | Cataphract |
| 27:35 | Research | Iron Casting |
| 27:39 | Research | Husbandry |
| 27:53 | Create | Cataphract |
| 27:53 | Create | Cataphract |
| 27:53 | Create | Cataphract |
Build order — XD
First 150 of 275 actions detected
| 0:37 | Build | Town Center |
| 1:18 | Build | House |
| 3:11 | Build | Dock |
| 3:14 | Create | Villager (Male) |
| 3:15 | Create | Villager (Male) |
| 3:15 | Create | Villager (Male) |
| 3:15 | Create | Villager (Male) |
| 3:15 | Create | Villager (Male) |
| 3:37 | Build | House |
| 4:54 | Create | Villager (Male) |
| 4:55 | Create | Villager (Male) |
| 4:55 | Create | Villager (Male) |
| 5:30 | Create | Villager (Male) |
| 5:30 | Create | Villager (Male) |
| 6:19 | Create | Villager (Male) |
| 6:19 | Create | Villager (Male) |
| 6:29 | Create | Fishing Ship |
| 6:44 | Create | Villager (Male) |
| 6:45 | Create | Villager (Male) |
| 6:45 | Create | Villager (Male) |
| 6:45 | Create | Villager (Male) |
| 7:23 | Create | Fishing Ship |
| 7:24 | Create | Fishing Ship |
| 7:33 | Create | Villager (Male) |
| 7:33 | Create | Villager (Male) |
| 7:33 | Create | Villager (Male) |
| 7:46 | Build | House |
| 7:59 | Build | House |
| 8:11 | Create | Villager (Male) |
| 8:11 | Create | Villager (Male) |
| 8:11 | Create | Villager (Male) |
| 8:17 | Create | Fishing Ship |
| 8:18 | Create | Fishing Ship |
| 8:29 | Create | Villager (Male) |
| 8:29 | Create | Villager (Male) |
| 9:03 | Create | Villager (Male) |
| 9:03 | Create | Villager (Male) |
| 9:10 | Create | Fishing Ship |
| 9:10 | Create | Fishing Ship |
| 9:24 | Create | Villager (Male) |
| 9:24 | Create | Villager (Male) |
| 9:24 | Create | Villager (Male) |
| 9:25 | Create | Villager (Male) |
| 9:25 | Create | Villager (Male) |
| 9:42 | Build | Lumber Camp |
| 9:56 | Create | Villager (Male) |
| 9:56 | Create | Villager (Male) |
| 9:56 | Create | Villager (Male) |
| 9:56 | Create | Villager (Male) |
| 10:00 | Build | House |
| 10:07 | Create | Villager (Male) |
| 10:08 | Create | Villager (Male) |
| 10:42 | Create | Fishing Ship |
| 11:05 | Create | Villager (Male) |
| 11:05 | Create | Villager (Male) |
| 11:17 | Create | Fishing Ship |
| 11:42 | Build | Mill |
| 12:14 | Create | Villager (Male) |
| 12:21 | Build | House |
| 12:29 | Research | Feudal Age |
| 12:29 | Research | Feudal Age |
| 12:48 | Create | Fishing Ship |
| 13:13 | Build | Barracks |
| 13:38 | Build | House |
| 13:42 | Build | House |
| 13:58 | Build | Palisade Wall |
| 14:09 | Create | Villager (Male) |
| 14:19 | Build | Palisade Wall |
| 14:23 | Build | Palisade Wall |
| 14:39 | Age | Feudal Age |
| 14:54 | Build | Stable |
| 14:56 | Create | Villager (Male) |
| 14:58 | Create | Villager (Male) |
| 15:07 | Build | House |
| 15:21 | Build | Blacksmith |
| 15:24 | Build | Palisade Wall |
| 15:30 | Create | Villager (Male) |
| 15:30 | Create | Villager (Male) |
| 15:39 | Build | House |
| 15:48 | Create | Spearman |
| 15:49 | Create | Spearman |
| 15:55 | Create | Scout Cavalry |
| 15:56 | Create | Scout Cavalry |
| 16:17 | Create | Villager (Male) |
| 16:22 | Build | House |
| 16:29 | Build | Outpost |
| 16:37 | Build | House |
| 16:39 | Create | Villager (Male) |
| 16:42 | Research | Castle Age |
| 16:54 | Build | Gate |
| 17:02 | Build | Palisade Wall |
| 17:07 | Create | Scout Cavalry |
| 17:24 | Create | Demolition Raft |
| 17:40 | Create | Villager (Male) |
| 17:40 | Create | Villager (Male) |
| 17:46 | Build | Outpost |
| 17:59 | Build | Mining Camp |
| 18:06 | Build | House |
| 18:08 | Build | House |
| 18:13 | Create | Scout Cavalry |
| 18:13 | Create | Scout Cavalry |
| 18:14 | Create | Spearman |
| 18:15 | Create | Spearman |
| 18:24 | Build | Outpost |
| 18:34 | Build | Mill |
| 18:44 | Research | Tech 906 |
| 18:49 | Build | House |
| 18:49 | Build | House |
| 18:56 | Research | Double-Bit Axe |
| 19:24 | Age | Castle Age |
| 19:26 | Build | Town Center |
| 19:30 | Research | Bow Saw |
| 19:39 | Build | Outpost |
| 19:47 | Create | Villager (Male) |
| 19:47 | Create | Villager (Male) |
| 19:58 | Create | Fire Galley |
| 20:02 | Create | Villager (Male) |
| 20:08 | Build | House |
| 20:10 | Build | House |
| 20:18 | Build | Outpost |
| 20:21 | Research | Stone Mining |
| 20:31 | Create | Villager (Male) |
| 20:31 | Create | Villager (Male) |
| 20:49 | Build | Outpost |
| 20:56 | Create | Villager (Male) |
| 20:56 | Create | Villager (Male) |
| 20:56 | Create | Villager (Male) |
| 21:06 | Build | Town Center |
| 21:12 | Build | House |
| 21:13 | Build | House |
| 21:16 | Create | Villager (Male) |
| 21:16 | Create | Villager (Male) |
| 21:23 | Create | Fishing Ship |
| 21:26 | Create | Fishing Ship |
| 22:12 | Create | Villager (Male) |
| 22:13 | Create | Villager (Male) |
| 22:13 | Create | Villager (Male) |
| 22:13 | Create | Villager (Male) |
| 22:13 | Create | Villager (Male) |
| 22:18 | Build | Farm |
| 22:37 | Build | Outpost |
| 22:41 | Build | House |
| 22:42 | Build | House |
| 22:45 | Create | Villager (Male) |
| 22:45 | Create | Villager (Male) |
| 23:05 | Create | Villager (Male) |
| 23:05 | Create | Villager (Male) |
| 23:32 | Build | Outpost |
| 23:47 | Build | House |
| 23:48 | Build | House |
Build order — Jhaluck
First 150 of 158 actions detected
| 2:35 | Build | Town Center |
| 2:45 | Build | House |
| 2:49 | Build | House |
| 4:26 | Create | Villager (Male) |
| 4:26 | Create | Villager (Male) |
| 4:29 | Create | Villager (Male) |
| 4:30 | Create | Villager (Male) |
| 5:43 | Create | Villager (Male) |
| 6:19 | Create | Villager (Male) |
| 6:25 | Create | Villager (Male) |
| 7:01 | Create | Villager (Male) |
| 7:35 | Create | Villager (Male) |
| 7:52 | Create | Villager (Male) |
| 8:02 | Research | Loom |
| 8:12 | Build | House |
| 8:14 | Build | House |
| 8:53 | Create | Villager (Male) |
| 9:23 | Create | Villager (Male) |
| 9:27 | Create | Villager (Male) |
| 10:20 | Build | House |
| 10:23 | Build | Dock |
| 10:25 | Build | House |
| 10:26 | Build | House |
| 10:27 | Build | House |
| 10:39 | Create | Villager (Male) |
| 10:39 | Create | Villager (Male) |
| 10:40 | Create | Villager (Male) |
| 11:12 | Create | Villager (Male) |
| 11:24 | Build | Lumber Camp |
| 11:29 | Create | Fishing Ship |
| 11:29 | Create | Fishing Ship |
| 11:30 | Create | Fishing Ship |
| 11:31 | Create | Fishing Ship |
| 11:38 | Create | Villager (Male) |
| 11:38 | Create | Villager (Male) |
| 12:48 | Create | Villager (Male) |
| 12:48 | Create | Villager (Male) |
| 13:15 | Create | Villager (Male) |
| 13:15 | Create | Villager (Male) |
| 13:28 | Build | Mining Camp |
| 13:37 | Build | Mining Camp |
| 14:04 | Create | Fishing Ship |
| 14:29 | Build | Dock |
| 14:37 | Research | Feudal Age |
| 14:53 | Create | Fishing Ship |
| 15:36 | Create | Villager (Male) |
| 15:36 | Create | Villager (Male) |
| 15:36 | Create | Villager (Male) |
| 16:32 | Create | Fishing Ship |
| 16:33 | Create | Fishing Ship |
| 16:34 | Create | Fishing Ship |
| 16:34 | Create | Fishing Ship |
| 16:47 | Age | Feudal Age |
| 16:52 | Research | Double-Bit Axe |
| 17:07 | Build | Stone Wall |
| 17:23 | Build | Stone Wall |
| 17:36 | Research | Tech 906 |
| 17:40 | Create | Villager (Male) |
| 17:40 | Create | Villager (Male) |
| 17:48 | Build | Stone Wall |
| 18:07 | Create | Villager (Male) |
| 18:20 | Build | Stone Wall |
| 18:33 | Create | Villager (Male) |
| 18:34 | Create | Fishing Ship |
| 18:35 | Create | Fishing Ship |
| 18:41 | Build | House |
| 19:04 | Build | Stone Wall |
| 19:05 | Build | Stone Wall |
| 19:06 | Build | Stone Wall |
| 19:07 | Build | Stone Wall |
| 19:07 | Build | Stone Wall |
| 19:08 | Build | Stone Wall |
| 19:11 | Build | House |
| 19:12 | Build | House |
| 19:15 | Build | Barracks |
| 19:18 | Build | House |
| 19:20 | Create | Villager (Male) |
| 19:21 | Create | Villager (Male) |
| 20:06 | Create | Villager (Male) |
| 20:11 | Research | Man-at-Arms (upgrade) |
| 20:11 | Create | Militia |
| 20:19 | Build | Blacksmith |
| 20:22 | Create | Villager (Male) |
| 20:29 | Create | Spearman |
| 20:30 | Create | Spearman |
| 20:48 | Build | Barracks |
| 20:56 | Research | Scale Mail Armor |
| 20:56 | Research | Forging |
| 20:59 | Create | Spearman |
| 21:09 | Build | Stone Wall |
| 21:27 | Build | Barracks |
| 21:28 | Create | Spearman |
| 21:28 | Create | Spearman |
| 21:29 | Create | Spearman |
| 21:50 | Create | Villager (Male) |
| 22:00 | Create | Spearman |
| 22:01 | Create | Spearman |
| 22:15 | Create | Spearman |
| 22:23 | Build | Mill |
| 22:37 | Build | Stone Wall |
| 22:50 | Create | Spearman |
| 23:01 | Create | Spearman |
| 23:01 | Create | Spearman |
| 23:01 | Create | Spearman |
| 23:06 | Create | Spearman |
| 23:06 | Create | Spearman |
| 23:11 | Build | Market |
| 23:13 | Build | Mining Camp |
| 23:30 | Create | Spearman |
| 23:31 | Create | Spearman |
| 23:31 | Create | Spearman |
| 23:56 | Build | House |
| 23:58 | Build | House |
| 24:02 | Build | House |
| 24:04 | Build | House |
| 24:15 | Research | Castle Age |
| 24:15 | Research | Castle Age |
| 24:19 | Create | Spearman |
| 24:19 | Create | Spearman |
| 24:19 | Create | Spearman |
| 24:27 | Create | Spearman |
| 24:27 | Create | Spearman |
| 24:48 | Create | Spearman |
| 24:54 | Create | Spearman |
| 24:54 | Create | Spearman |
| 25:10 | Create | Spearman |
| 25:11 | Create | Spearman |
| 25:11 | Create | Spearman |
| 25:22 | Build | Barracks |
| 25:34 | Build | Barracks |
| 25:42 | Build | House |
| 25:44 | Build | Stone Wall |
| 25:51 | Create | Spearman |
| 25:51 | Create | Spearman |
| 26:17 | Create | Spearman |
| 26:17 | Create | Spearman |
| 26:40 | Create | Spearman |
| 26:50 | Create | Spearman |
| 26:50 | Create | Spearman |
| 26:55 | Age | Castle Age |
| 26:58 | Research | Pikeman (upgrade) |
| 26:58 | Research | Squires |
| 27:25 | Create | Villager (Male) |
| 27:25 | Create | Villager (Male) |
| 27:26 | Create | Villager (Male) |
| 27:43 | Create | Spearman |
| 27:43 | Create | Spearman |
| 27:44 | Create | Spearman |
| 27:44 | Create | Spearman |
| 28:19 | Create | Villager (Male) |
Build order — mm巧克力
First 150 of 160 actions detected
| 0:40 | Build | Town Center |
| 3:04 | Build | House |
| 3:07 | Create | Villager (Male) |
| 3:07 | Create | Villager (Male) |
| 3:07 | Create | Villager (Male) |
| 3:07 | Create | Villager (Male) |
| 3:08 | Create | Villager (Male) |
| 3:08 | Create | Villager (Male) |
| 4:28 | Build | Dock |
| 4:37 | Research | Loom |
| 5:09 | Create | Fishing Ship |
| 5:16 | Build | House |
| 5:27 | Create | Villager (Male) |
| 5:28 | Create | Fishing Ship |
| 6:09 | Build | House |
| 6:42 | Create | Villager (Male) |
| 6:42 | Create | Villager (Male) |
| 6:44 | Create | Fishing Ship |
| 7:08 | Create | Villager (Male) |
| 7:09 | Create | Villager (Male) |
| 7:13 | Create | Fishing Ship |
| 7:45 | Create | Fishing Ship |
| 7:57 | Create | Villager (Male) |
| 7:57 | Create | Villager (Male) |
| 7:57 | Create | Villager (Male) |
| 7:58 | Create | Villager (Male) |
| 8:08 | Build | House |
| 8:24 | Create | Villager (Male) |
| 8:25 | Create | Villager (Male) |
| 8:39 | Create | Fishing Ship |
| 8:39 | Create | Fishing Ship |
| 8:46 | Create | Villager (Male) |
| 8:46 | Create | Villager (Male) |
| 9:11 | Build | House |
| 9:13 | Create | Villager (Male) |
| 9:13 | Create | Villager (Male) |
| 9:13 | Create | Villager (Male) |
| 9:14 | Create | Villager (Male) |
| 9:35 | Create | Villager (Male) |
| 9:36 | Create | Villager (Male) |
| 9:37 | Create | Fishing Ship |
| 9:46 | Build | House |
| 9:55 | Create | Villager (Male) |
| 9:56 | Create | Villager (Male) |
| 10:01 | Create | Villager (Male) |
| 10:01 | Create | Villager (Male) |
| 10:15 | Create | Villager (Male) |
| 10:20 | Create | Fishing Ship |
| 10:21 | Create | Fishing Ship |
| 10:42 | Build | House |
| 11:12 | Create | Fishing Ship |
| 11:18 | Build | House |
| 11:54 | Build | Mill |
| 12:27 | Research | Feudal Age |
| 12:27 | Research | Feudal Age |
| 13:08 | Build | House |
| 13:29 | Build | Mining Camp |
| 14:00 | Create | Fishing Ship |
| 14:16 | Build | Barracks |
| 14:22 | Create | Villager (Male) |
| 14:22 | Create | Villager (Male) |
| 14:30 | Age | Feudal Age |
| 15:23 | Build | Blacksmith |
| 15:38 | Create | Villager (Male) |
| 15:39 | Create | Villager (Male) |
| 16:03 | Create | Villager (Male) |
| 16:11 | Build | Stable |
| 16:18 | Create | Villager (Male) |
| 16:46 | Build | Lumber Camp |
| 16:53 | Research | Castle Age |
| 16:53 | Research | Castle Age |
| 16:54 | Research | Castle Age |
| 16:59 | Build | House |
| 17:31 | Build | Stable |
| 17:37 | Build | House |
| 17:59 | Research | Double-Bit Axe |
| 18:04 | Research | Gold Mining |
| 18:37 | Build | House |
| 19:14 | Build | House |
| 19:16 | Build | House |
| 19:19 | Age | Castle Age |
| 19:19 | Build | House |
| 19:21 | Research | Bloodlines |
| 19:22 | Research | Husbandry |
| 19:23 | Research | Scale Barding Armor |
| 19:23 | Research | Forging |
| 19:30 | Create | Knight |
| 19:30 | Create | Knight |
| 19:40 | Create | Knight |
| 19:51 | Build | Town Center |
| 20:41 | Create | Knight |
| 20:42 | Create | Knight |
| 21:13 | Create | Villager (Male) |
| 21:14 | Create | Villager (Male) |
| 22:02 | Create | Knight |
| 22:02 | Create | Knight |
| 22:03 | Create | Knight |
| 22:04 | Create | Knight |
| 22:06 | Create | Knight |
| 23:11 | Create | Knight |
| 23:12 | Create | Knight |
| 23:13 | Create | Knight |
| 23:18 | Build | Mining Camp |
| 23:30 | Build | Town Center |
| 24:01 | Create | Knight |
| 24:06 | Create | Knight |
| 24:10 | Build | House |
| 24:11 | Build | House |
| 24:11 | Build | House |
| 24:12 | Build | House |
| 24:12 | Build | House |
| 24:12 | Build | House |
| 24:13 | Build | House |
| 25:16 | Create | Knight |
| 25:17 | Create | Knight |
| 25:18 | Create | Knight |
| 26:43 | Create | Villager (Male) |
| 26:44 | Create | Villager (Male) |
| 26:44 | Create | Villager (Male) |
| 26:50 | Build | Stable |
| 27:19 | Create | Villager (Male) |
| 27:19 | Create | Villager (Male) |
| 27:27 | Create | Villager (Male) |
| 27:27 | Create | Villager (Male) |
| 27:35 | Build | Farm |
| 27:36 | Build | Farm |
| 27:39 | Build | Farm |
| 27:39 | Build | Farm |
| 28:01 | Create | Knight |
| 28:08 | Build | Farm |
| 28:09 | Build | Farm |
| 28:11 | Build | Farm |
| 28:11 | Build | Farm |
| 28:33 | Create | Knight |
| 28:40 | Build | Monastery |
| 28:59 | Build | Siege Workshop |
| 29:01 | Create | Villager (Male) |
| 29:02 | Create | Villager (Male) |
| 29:08 | Build | Farm |
| 29:09 | Build | Farm |
| 29:13 | Create | Monk |
| 29:15 | Create | Monk |
| 29:32 | Build | Farm |
| 29:34 | Build | Farm |
| 30:06 | Create | Knight |
| 30:07 | Create | Knight |
| 30:14 | Create | Villager (Male) |
| 30:17 | Build | Farm |
| 30:19 | Create | Villager (Male) |
| 30:19 | Create | Villager (Male) |
Match timeline
| 3:11 | XD · first_building Dock |
| 3:11 | yougetcs · first_building Dock |
| 4:28 | mm巧克力 · first_building Dock |
| 5:30 | 尼鐵 · first_building Dock |
| 7:44 | D Now=>C.I.A · first_building Dock |
| 9:08 | Teddy · first_building Dock |
| 10:23 | Jhaluck · first_building Dock |
| 11:40 | matthewharland · wall_segment Palisade Wall x4 |
| 11:42 | matthewharland · wall_segment Palisade Wall x3 |
| 13:13 | XD · first_building Barracks |
| 13:38 | matthewharland · age_up feudal |
| 13:58 | XD · wall_segment Palisade Wall x3 |
| 14:16 | mm巧克力 · first_building Barracks |
| 14:19 | XD · wall_segment Palisade Wall x1 |
| 14:23 | XD · wall_segment Palisade Wall x1 |
| 14:26 | 尼鐵 · age_up feudal |
| 14:30 | mm巧克力 · age_up feudal |
| 14:39 | XD · age_up feudal |
| 14:46 | D Now=>C.I.A · first_building Barracks |
| 14:54 | XD · first_building Stable |
| 15:13 | Teddy · age_up feudal |
| 15:15 | yougetcs · age_up feudal |
| 15:24 | XD · wall_segment Palisade Wall x1 |
| 15:25 | Teddy · wall_segment Stone Wall x6 |
| 15:33 | Teddy · wall_segment Stone Wall x4 |
| 15:42 | Teddy · first_building Barracks |
| 15:46 | Teddy · wall_segment Stone Wall x6 |
| 15:52 | D Now=>C.I.A · age_up feudal |
| 16:11 | mm巧克力 · first_building Stable |
| 16:47 | Jhaluck · age_up feudal |
| 17:02 | XD · wall_segment Palisade Wall x1 |
| 17:07 | Jhaluck · wall_segment Stone Wall x4 |
| 17:23 | Jhaluck · wall_segment Stone Wall x13 |
| 17:27 | matthewharland · first_building Barracks |
| 17:48 | Jhaluck · wall_segment Stone Wall x11 |
| 17:56 | 尼鐵 · first_building Barracks |
| 18:19 | matthewharland · first_building Stable |
| 18:20 | Jhaluck · wall_segment Stone Wall x13 |
| 19:04 | Jhaluck · wall_segment Stone Wall x1 |
| 19:05 | Jhaluck · wall_segment Stone Wall x1 |
| 19:06 | Jhaluck · wall_segment Stone Wall x1 |
| 19:07 | Jhaluck · wall_segment Stone Wall x1 |
| 19:07 | Jhaluck · wall_segment Stone Wall x1 |
| 19:08 | Jhaluck · wall_segment Stone Wall x1 |
| 19:12 | yougetcs · age_up castle |
| 19:15 | Jhaluck · first_building Barracks |
| 19:19 | mm巧克力 · age_up castle |
| 19:24 | XD · age_up castle |
| 20:01 | 尼鐵 · first_building Stable |
| 20:15 | D Now=>C.I.A · age_up castle |
| 20:37 | yougetcs · first_building Castle |
| 20:40 | Teddy · wall_segment Stone Wall x7 |
| 20:56 | 尼鐵 · age_up castle |
| 20:58 | D Now=>C.I.A · first_building Castle |
| 21:09 | Jhaluck · wall_segment Stone Wall x12 |
| 21:40 | Teddy · age_up castle |
| 22:04 | Teddy · first_building Castle |
| 22:28 | yougetcs · wall_segment Stone Wall x7 |
| 22:31 | matthewharland · age_up castle |
| 22:37 | Jhaluck · wall_segment Stone Wall x1 |
| 23:30 | D Now=>C.I.A · first_building Siege Workshop |
| 23:46 | 尼鐵 · first_building Castle |
| 25:03 | yougetcs · wall_segment Stone Wall x6 |
| 25:44 | Jhaluck · wall_segment Stone Wall x1 |
| 26:39 | yougetcs · wall_segment Stone Wall x14 |
| 26:54 | Teddy · first_building Stable |
| 26:55 | Jhaluck · age_up castle |
| 27:03 | 尼鐵 · first_building Monastery |
| 27:17 | XD · first_building Castle |
| 27:24 | yougetcs · first_building Monastery |
| 27:25 | matthewharland · first_building Castle |
| 28:18 | XD · first_building Monastery |
| 28:28 | Teddy · first_building Monastery |
| 28:40 | mm巧克力 · first_building Monastery |
| 28:58 | XD · wall_segment Stone Wall x7 |
| 28:59 | mm巧克力 · first_building Siege Workshop |
| 29:02 | XD · wall_segment Stone Wall x8 |
| 29:29 | XD · first_building Siege Workshop |
| 29:40 | Jhaluck · resign |
[ AI ANALYSIS · 1 CREDIT ]
What really happened in this match?
Wolo.gg analyzes every decision: build order, eco, micro, common mistakes by bracket. Personalized analysis on WhatsApp or Discord in 30 seconds.
Civ guide
Britons
Map guide
Nomad
Perfil
yougetcs